 Dungeon Crawl Stone Soup version 0.28-a0-1404-g4df0f3684d (webtiles) character file.

Game seed: 990355729741829063

644 vineage the Fighter (level 7, -2/51 HPs)
             Began as a Gargoyle Fighter on Jan 5, 2022.
             Was an Initiate of Okawaru.
             Killed by divine providence
             ... invoked by an orc priest
              (11 damage)
             ... on level 4 of the Dungeon.
             The game lasted 00:06:27 (4584 turns).

vineage the Fighter (Gargoyle Fighter)              Turns: 4584, Time: 00:06:27

Health: -2/51      AC: 14    Str: 20    XL:     7   Next: 52%
Magic:  7/7        EV:  9    Int: 12    God:    Okawaru [......]
Gold:   165        SH:  4    Dex: 11    Spells: 6/6 levels left

rFire   . . .      SeeInvis .   l - +1 flail (holy)
rCold   . . .      Faith    .   c - +0 buckler
rNeg    + . .      Spirit   .   b - +0 scale mail
rPois   ∞          Reflect  .   (no helmet)
rElec   +          Harm     .   m - +0 cloak of the Clam {-Tele Rampage rElec Int-2}
rCorr   .          Rampage  +   h - +1 pair of gloves
Will    +....      NoTele   +   (no boots)
Stlth   ..........              (no amulet)
HPRegen 0.17/turn               p - +6 ring of intelligence
MPRegen 0.10/turn               o - ring of willpower

@: no status effects
A: sickness immunity, AC +4, negative energy resistance 1, electricity
resistance, torment resistance 1, petrification resistance
a: Renounce Religion


You were on level 4 of the Dungeon.
You worshipped Okawaru.
Okawaru was noncommittal.
You visited 2 branches of the dungeon, and saw 5 of its levels.

You collected 165 gold pieces.

Inventory:

Hand Weapons
 a - a +0 flail
 j - a +2 dagger of protection
 l - a +1 flail of holy wrath (weapon)
Armour
 b - a +0 scale mail (worn)
 c - a +0 buckler (worn)
 h - a +1 pair of gloves (worn)
 m - the +0 cloak of the Clam (worn) {-Tele Rampage rElec Int-2}
   (You found it on level 4 of the Dungeon)

   Int:       It affects your intelligence (-2).
   rElec:     It insulates you from electricity.
   -Tele:     It prevents most forms of teleportation.
   Rampage:   It bestows one free step when moving towards enemies.
Jewellery
 o - a ring of willpower (right hand)
 p - a +6 ring of intelligence (left hand)
Wands
 d - a wand of flame (12)
Scrolls
 k - 2 scrolls of teleportation
Potions
 e - a potion of heal wounds
 f - a potion of degeneration {unknown}
 g - 2 potions of haste
 i - a potion of curing {unknown}
 n - a potion of lignification {unknown}
 q - a potion of might


   Skills:
 + Level 9.3 Fighting
 - Level 2.0 Maces & Flails
 - Level 3.2 Armour
 - Level 3.2 Shields


You had 6 spell levels left.
You didn't know any spells.
Your spell library contained the following spells:

 Spells                   Type           Power      Damage    Failure   Level
 Beastly Appendage        Tmut           0%         N/A       77%         1
 Freeze                   Ice            0%         1d3       77%         1
 Wereblood                Tmut           0%         N/A       88%         2
 Frozen Ramparts          Ice            0%         1d2       98%         3
 Spider Form              Tmut/Pois      0%         N/A       98%         3
 Hailstorm                Conj/Ice       0%         3d3       100%        4


Dungeon Overview and Level Annotations

Branches:
Dungeon (4/15)             Temple (1/1) D:4

Altars:
Ashenzari
Cheibriados
Dithmenos
Elyvilon
Fedhas
Gozag
Kikubaaqudgha
Makhleb
Okawaru
Qazlal
Vehumet
Zin

Shops:
D:4 :


Innate Abilities, Weirdness & Mutations

You are immune to sickness and miasma.
Your stone body is resilient. (AC +4)
You are immune to poison.
You resist negative energy. (rN+)
You are resistant to electric shocks. (rElec)
You are resistant to unholy torment.
You are immune to petrification.


Message History

You are too injured to fight recklessly!
You are too injured to fight recklessly!
You are too injured to fight recklessly!
The goblin barely misses you.
The goblin hits you with a +0 dagger of speed.
The orc priest casts a cantrip, but nothing happens.
A ball python comes into view.
Found a short sword.
The ball python hisses angrily.
You sock the orc!
You kill the orc!
Okawaru accepts your kill.
You hit the goblin.
You kill the goblin!
Okawaru accepts your kill.
You completely miss the ball python.
The orc priest zaps a wand.
The puff of flame misses you.
The puff of flame hits the ball python!
The ball python dies!
You hit the orc priest.
The orc priest is lightly wounded.
You block the orc priest's attack.
You closely miss the orc priest.
The orc priest looks satisfied for a moment.
You hit the orc priest.
The orc priest is moderately wounded.
The orc priest hits you but does no damage.
The orc priest zaps a wand.
The puff of flame hits you!
* * * LOW HITPOINT WARNING * * *
You hit the orc priest.
The orc priest is almost dead.
The orc priest hits you with a +0 whip.
* * * LOW HITPOINT WARNING * * *
You hit the orc priest but do no damage.
The orc priest is almost dead.
The orc priest barely misses you.
You barely miss the orc priest.
The orc priest is almost dead.
The orc priest invokes the aid of Beogh against you.
Beogh smites you!
You die...

................#..# ..
.. ............[......#
.. ................#
..###
.........|......#####...
.....
.........#..............
.....
......#####....#.##.....
###..
........###....#..# ...
#....
............####o## #
##... #.....#.....# #@#
....[ ....###..#... #.#
..... .........##.. ..#
..... .......... .# ....
.... ...#....... .....
.. ...#...... ......#
.......... ........
.............).....
#.........


You could see an orc priest.

Vanquished Creatures
  Grinder (D:3)
  A black bear (D:3)
  2 orc priests
  2 hounds
  A jelly (D:4)
  An iguana (D:3)
  2 orc wizards (D:3)
  4 adders
  A shadow imp (D:4)
  4 dart slugs
  16 orcs
  3 ball pythons
  5 bats
  10 endoplasms
  A giant cockroach (D:1)
  9 goblins
  5 hobgoblins
  12 jackals
  4 quokkas
  4 frilled lizards
  4 kobolds
  2 rats
94 creatures vanquished.

Vanquished Creatures (others)
  A ball python (D:4)
1 creature vanquished.

Grand Total: 95 creatures vanquished

Notes
Turn   | Place    | Note
-------+----------+-------------------------------------------
     0 | D:1      | vineage the Gargoyle Fighter began the quest for the Orb.
     0 | D:1      | Reached XP level 1. HP: 14/14 MP: 1/1
   137 | D:1      | Reached XP level 2. HP: 11/20 MP: 2/2
   341 | D:1      | Reached skill level 4 in Fighting
   682 | D:1      | Reached XP level 3. HP: 16/24 MP: 3/3
  1228 | D:1      | Found a faded altar of an unknown god.
  1358 | D:2      | Reached skill level 5 in Fighting
  1598 | D:2      | Reached XP level 4. HP: 31/31 MP: 4/4
  2427 | D:3      | Reached skill level 6 in Fighting
  2448 | D:3      | Reached XP level 5. HP: 16/36 MP: 5/5
  2900 | D:3      | Noticed Grinder
  2911 | D:3      | Killed Grinder
  2912 | D:3      | Reached skill level 7 in Fighting
  2912 | D:3      | Reached XP level 6. HP: 21/44 MP: 6/6
  3165 | D:3      | Reached skill level 8 in Fighting
  3315 | D:4      | Found a staircase to the Ecumenical Temple.
  3325 | D:4      | Noticed a black bear
  3591 | D:4      | Reached XP level 7. HP: 46/50 MP: 7/7
  3890 | Temple   | Entered the Ecumenical Temple
  4028 | Temple   | Became a worshipper of Warmaster Okawaru
  4104 | Temple   | Reached skill level 9 in Fighting
  4482 | D:4      | Found Dadaseygh's Book Shoppe.
  4514 | D:4      | Identified the +0 cloak of the Clam {-Tele Rampage rElec
                  | Int-2}
  4584 | D:4      | Killed from afar by an orc priest

Illustrated notes

Levels and vault maps discovered:
D:1:      lordsloth_arrival_two_stooges, layout_loops_ring,
          ebering_ecumenical_altar_hall
D:2:      layout_loops_ring, nrook_mini_backslash, dk_noncrumbling_3,
          amcnicky_mini_rare_corridor_liquid
D:3:      layout_rooms, uniq_grinder
D:4:      layout_cave_pools, minmay_temple_entry_trees, serial_shops,
          nicolae_shop_waterfront, minmay_close_crescents
Temple:   regret_index_temple_generic_petals

Skill      XL: |  1  2  3  4  5  6  7 |
---------------+----------------------+-----
Fighting       | 4 5 6 7 8 9 |  9.3
Maces & Flails | |  2.0
Armour         | |  3.2
Shields        | |  3.2

Action                   |  1- 3 |  4- 6 |  7- 9 || total
-------------------------+-------+-------+-------++-------
Melee: Flail             |   111 |    53 |    44 ||   208
       Dagger            |       |   120 |    81 ||   201
  Use: Scroll            |     1 |     5 |     2 ||     8
       Potion            |       |     1 |       ||     1
Armor: Scale mail        |    68 |   125 |    94 ||   287
Dodge: Dodged            |    64 |    77 |    75 ||   216
Block: Buckler           |    35 |    31 |    34 ||   100

Table legend: (Time is in decaauts)
 A = Elapsed time spent in this place.
 B = Non-inter-level travel time spent in this place.
 C = Inter-level travel time spent in this place.
 D = Time resting spent in this place.
 E = Time spent auto-exploring this place.
 F = Levels seen in this place.
 G = Mean time per level.
                   A        B        C        D        E       F      G
               +--------+--------+--------+--------+--------+-----+--------+
         Total |   4665 |   4471 |    194 |    500 |   3124 |   5 |  933.0 |
       Dungeon |   4221 |   4060 |    161 |    251 |   3000 |   4 | 1055.2 |
        Temple |    443 |    410 |     33 |    249 |    124 |   1 |  443.0 |
               +--------+--------+--------+--------+--------+-----+--------+

Top non-repeatable levels by time:
     D:3: 1504 daAuts
     D:1: 1348 daAuts
     D:2: 821 daAuts
     D:4: 546 daAuts
  Temple: 443 daAuts
